 Dungeon Crawl Stone Soup version 0.30.0 (webtiles) character file.

Game seed: 3258422719717387401

78576 Strat the Destroyer (level 15, 0/132 HPs)
             Began as a Red Draconian Cinder Acolyte on May 5, 2023.
             Was a High Priest of Ignis.
             Slain by a tentacled starspawn (19 damage)
             ... on level 2 of the Abyss on May 6, 2023.
             The game lasted 02:21:00 (40511 turns).

Strat the Destroyer (Red Draconian Cinder Acolyte) Turns: 40511, Time: 02:21:00

Health: 0/132      AC: 21    Str: 17    XL:     15   Next: 18%
Magic:  13/29      EV: 20    Int: 17    God:    Ignis [*****.]
Gold:   1361       SH:  5    Dex: 11    Spells: 3/35 levels left

rFire   + + .        a - +1 double sword (protect)
rCold   . . .        D - +0 buckler
rNeg    . . .        (body armour unavailable)
rPois   .            u - +2 hat
rElec   .            W - +0 cloak
rCorr   .            I - +2 pair of gloves
SInv    .            L - +1 pair of boots
Will    +....        w - amulet of regeneration
Stlth   +            j - +5 ring of evasion
HPRegen 1.22/turn    R - +4 ring of protection
MPRegen 0.21/turn

%: no passive effects
@: slowed, studying Short Blades, very slow
A: breathe fire, AC +9, unfitting armour, fire resistance 1, cold-blooded
a: Breathe Fire, Renounce Religion, Fiery Armour, Foxfire Swarm, Rising Flame


You were on level 2 of the Abyss.
You worshipped Ignis.
Ignis was extremely pleased with you.
You visited 3 branches of the dungeon, and saw 21 of its levels.
You visited the Abyss 1 time.
You also visited: Sewer and Bailey.

You collected 3293 gold pieces.
You spent 1932 gold pieces at shops.

Inventory:

Hand Weapons
 a - a +1 double sword of protection (weapon)
 b - a +3 scimitar
 A - a +1 short sword of draining
 J - a +4 scimitar of flaming
 K - the +11 falchion "Joodieth" {protect, *Slow Will+ rCorr}
   (You found it on level 1 of the Lair of Beasts)

   rCorr:     It protects you from acid and corrosion.
   *Slow:     It may slow you when you take damage.
   Will:      It increases your willpower.
 X - a +2 short sword of venom
Missiles
 n - 56 poisoned darts (quivered)
 y - 5 throwing nets
 U - 5 curare-tipped darts
Armour
 i - the +0 kite shield of Pandemonium {rElec}
   (You acquired it on level 5 of the Dungeon)

   rElec:     It insulates you from electricity.
 u - a +2 hat (worn)
 D - a +0 buckler (worn)
 I - a +2 pair of gloves (worn)
 L - a +1 pair of boots (worn)
 W - a +0 cloak (worn)
Jewellery
 e - an amulet of reflection
 j - a +5 ring of evasion (left hand)
 k - a ring of poison resistance
 p - a ring of resist corrosion
 r - a ring of positive energy
 w - an amulet of regeneration (around neck)
 C - a +4 ring of protection
 N - a ring of flight
 O - an amulet of magic regeneration
 Q - a ring of wizardry
 R - a +4 ring of protection (right hand)
Wands
 m - a wand of polymorph (4)
 o - a wand of mindburst (9)
 x - a wand of flame (51)
 B - a wand of paralysis (9)
 V - a wand of roots (4)
Scrolls
 f - 6 scrolls of identify
 l - a scroll of teleportation
 t - a scroll of fear
 v - 3 scrolls of poison
 E - 3 scrolls of magic mapping
 F - 8 scrolls of enchant weapon
 P - a scroll of blinking
Potions
 d - 4 potions of mutation
 g - 3 potions of flight
 h - a potion of degeneration
 q - 6 potions of might
 s - 4 potions of lignification
 z - 2 potions of resistance
 G - 4 potions of brilliance
 M - a potion of ambrosia
Miscellaneous
 H - a phantom mirror (inert)


   Skills:
 - Level 12.0 Fighting
 - Level 5.0 Short Blades
 - Level 9.7 Dodging
 - Level 5.0 Shields
 + Level 10.7 Spellcasting
 - Level 14.3 Conjurations
 - Level 4.0 Hexes
 - Level 5.0 Translocations
 + Level 13.5 Fire Magic


You had 3 spell levels left.
You knew the following spells:

 Your Spells              Type           Power      Damage    Failure   Level
a - Scorch                Fire           100%       2d9       1%          2
b - Searing Ray           Conj           100%       2d8       1%          2
c - Fulminant Prism       Conj/Hex       20%        3d12      2%          4
d - Fireball              Conj/Fire      27%        3d12      1%          5
e - Iskenderun's Mystic   Conj/Tloc      42%        2d10      1%          4
f - Blink                 Tloc           52%        N/A       1%          2
g - Sticky Flame          Conj/Fire      54%        2d7       1%          4
h - Foxfire               Conj/Fire      100%       2x1d9     1%          1
i - Ignition              Fire           26%        3d9       95%         8

Your spell library contained the following spells:

 Spells                   Type           Power      Damage    Failure   Level
 Magic Dart               Conj           100%       1d8       1%          1
 Lesser Beckoning         Tloc           52%        N/A       1%          2
 Momentum Strike          Conj/Tloc      84%        3d10      1%          2
 Volatile Blastmotes      Fire/Tloc      80%        2d16      1%          3
 Ignite Poison            Fire/Tmut/Pois 24%        N/A       4%          3
 Portal Projectile        Hex/Tloc       48%        N/A       4%          3
 Tukima's Dance           Hex            22%        N/A       6%          3
 Summon Small Mammal      Summ           36%        N/A       10%         1
 Summon Guardian Golem    Hex/Summ       15%        N/A       13%         3
 Call Canine Familiar     Summ           9%         N/A       30%         3
 Frozen Ramparts          Ice            18%        1d3       30%         3
 Starburst                Conj/Fire      27%        6d9       4%          6
 Manifold Assault         Tloc           26%        N/A       13%         4
 Plasma Beam              Fire/Air       16%        2x1d30    67%         6
 Ice Form                 Ice/Tmut       9%         N/A       69%         4
 Petrify                  Tmut/Erth      9%         N/A       69%         4
 Summon Ice Beast         Ice/Summ       9%         N/A       69%         4
 Metabolic Englaciation   Hex/Ice        7%         N/A       77%         5
 Blade Hands              Tmut           4%         N/A       95%         5
 Lee's Rapid Deconstruct  Erth           4%         3d5*      95%         5
 Statue Form              Tmut/Erth      6%         N/A       100%        6
 Storm Form               Tmut/Air       4%         N/A       100%        7


Dungeon Overview and Level Annotations

Branches:
Dungeon (14/15)            Temple (0/1) D:6            Lair (5/5) D:9
 Shoals (0/4) Lair:2       Spider (0/4) Lair:3        Slime (0/5) Lair:5
    Orc (2/2) D:11            Elf (0/3) Orc:2        Vaults (0/5) D:13
  Sewer (visited)          Bailey (visited)

Altars:
Cheibriados
Dithmenos
Gozag
Okawaru
Trog
Uskayaw
Xom
The Shining One
Jiyva

Shops:
D:2 =   D:6 ?   Orc:1 [   Orc:2 ::*(

Annotations:
D:3 3 runed translucent doors, Sigmund; Vadun's ghost, amateur TeFi
D:4 3 runed translucent doors, ShadowTiger's ghost, amateur TeAE
D:12 4 runed translucent doors
D:14 Louise
Lair:2 exclusion: oklob plant
Lair:5 exclusion: obsidian statue


Innate Abilities, Weirdness & Mutations

You can breathe blasts of fire.
Your fiery red scales are hard. (AC +9)
You cannot fit into any form of body armour.
Your flesh is heat resistant. (rF+)
You are cold-blooded and may be slowed by cold attacks.


Message History

A starcursed mass splits.
The rakshasa barely misses you.
The tentacled starspawn closely misses you.
The tentacled starspawn tentacle-slaps you!
* * * LOW HITPOINT WARNING * * *
You block the starcursed mass's attack. The starcursed mass misses you.
The rakshasa closely misses you. The tentacled starspawn bites you!!
* * * LOW HITPOINT WARNING * * *
The tentacled starspawn misses you.
Casting: Sticky Flame (safe; 1% risk of failure)
Confirm with . or Enter, or press ? or * to list all spells.
Aiming: Sticky Flame (safe; 1% risk of failure)
Press: ? - help, Shift-Dir - straight line, f - tentacled starspawn
Aim: a tentacled starspawn (lightly damaged)
The sticky flame hits the tentacled starspawn.
The tentacled starspawn is lightly damaged.
The tentacled starspawn is covered in liquid flames!
The tentacled starspawn burns! x2; The starcursed mass closely misses you.
A sky beast comes into view.
The starcursed mass misses you. The rakshasa gestures at you.
The lance of force misses you.
The tentacled starspawn bites you but does no damage.
You block the tentacled starspawn's attack.
A deafening chorus of shrieks assaults your mind!
* * * LOW HITPOINT WARNING * * *
You suddenly lose the ability to move!
The starcursed mass touches you but does no damage.
The rakshasa hits you but does no damage.
The starcursed mass touches you but does no damage.
You can move again.
You feel better.
The tentacled starspawn burns!
A deafening chorus of shrieks assaults your mind!
* * * LOW HITPOINT WARNING * * *
A starcursed mass splits.
The starcursed mass barely misses you. The starcursed mass touches you.
* * * LOW HITPOINT WARNING * * *
The sky beast flickers out of sight!
Deactivating autopickup; reactivate with Ctrl-A.
The rakshasa blinks!
The tentacled starspawn bites you!!
You die...

. ## . #.#
###.... ...# >
.. ....
...#..# ...#R
#....# #..#R .
###...####
#.###.X.##.#
#.wX§X#X...#
#.###@XX{..#..
.# ###X.###
#..# .#... # .
# #..# #. §.#
#.


You could see 6 starcursed masses, a tentacled starspawn (burning), a rakshasa
and a starspawn tentacle (distracted).

Vanquished Creatures
  Jorgrun (D:13)
  A lich (Abyss:2)
  Agnes (D:14)
  Nessos (Lair:5)
  3 dire elephants (Lair:5)
  Snorg (D:13)
  3 hydras
  An ogre mage (Orc:2)
  A catoblepas (D:13)
  2 centaur warriors
  2 boulder beetles
  A dancing weapon (D:13)
  4 death yaks
  9 two-headed ogres
  An orc high priest (Orc:2)
  Sonja (D:13)
  3 skysharks
  Lodul (D:13)
  2 skeletal warriors (D:14)
  A spectral anaconda (Lair:5)
  4 deep elf pyromancers (D:14)
  4 necromancers (Lair:5)
  5 ugly things
  An orc knight (Orc:2)
  5 orc sorcerers (Orc:2)
  A manticore (D:13)
  4 cyclopes
  12 elephants (Lair:5)
  Maurice (Orc:1)
  9 cane toads
  4 black mambas
  A gargoyle (D:11)
  Maggie (D:7)
  A rime drake (Lair:2)
  5 komodo dragons
  2 efreet
  An unseen horror (D:12)
  A kobold demonologist (D:9)
  A polar bear (Lair:5)
  A hornet (D:9)
  5 trolls
  Prince Ribbit (D:9)
  A wind drake (Lair:4)
  4 dream sheep (Lair:4)
  30 blink frogs
  7 slime creatures
  2 shadows
  3 culicivoras (Lair:3)
  2 wyverns
  2 steam dragons
  34 yaks
  3 basilisks
  3 death yak simulacra (Lair:5)
  9 vampire mosquitoes
  3 wargs
  3 acid dragons
  7 water moccasins
  Pargi (Sewer)
  An ice beast (D:6)
  25 orc warriors
  2 black bears
  15 ogres
  10 centaurs
  7 wolves
  An elephant skeleton (Lair:5)
  A phantom (D:5)
  A kobold brigand (D:6)
  14 bullfrogs
  8 gnoll sergeants
  6 necrophages (Lair:4)
  A scorpion (D:5)
  18 wights
  5 killer bees (D:7)
  An electric eel (Lair:3)
  7 hounds
  28 orc priests
  4 gnoll boudas
  42 orc wizards
  3 sleepcaps
  An iguana (D:4)
  19 hell rats
  64 gnolls
  10 adders
  4 river rats (D:6)
  A shadow imp (D:5)
  3 white imps
  6 worms
  5 dart slugs
  80 orcs
  6 endoplasms
  5 giant cockroaches
  10 goblins
  9 hobgoblins
  5 jackals (D:6)
  3 quokkas
  16 ball pythons
  2 bats
  12 frilled lizards
  13 kobolds
  5 rats
  A butterfly (Lair:3)
  6 fulminant prisms
710 creatures vanquished.

Vanquished Creatures (collateral kills)
  Donald (Orc:1)
1 creature vanquished.

Vanquished Creatures (others)
  A dancing weapon (D:13)
  2 orc wizards
  A bush (Lair:5)
  43 fulminant prisms
  55 fungi
  107 plants
  2 starspawn tentacles (Abyss:2)
  19 withered plants (Lair:5)
230 creatures vanquished.

Grand Total: 941 creatures vanquished

Notes
Turn   | Place    | Note
-------+----------+-------------------------------------------
     0 | D:1      | Strat the Draconian Cinder Acolyte began the quest for the
                  | Orb.
     0 | D:1      | Reached XP level 1. HP: 19/19 MP: 2/2
   190 | D:1      | Found a faded altar of an unknown god.
   209 | D:1      | Reached XP level 2. HP: 22/26 MP: 3/3
   229 | D:1      | Learned a level 2 spell: Scorch
   498 | D:1      | Learned a level 1 spell: Summon Small Mammal
  1010 | D:2      | Reached XP level 3. HP: 30/31 MP: 1/4
  1498 | D:2      | Found a hide-covered altar of Uskayaw.
  1539 | D:2      | Found Kidwix's Jewellery Shop.
  1683 | D:2      | Reached XP level 4. HP: 30/38 MP: 2/5
  2831 | D:3      | Reached XP level 5. HP: 45/45 MP: 3/6
  3237 | D:3      | Found a runed translucent gate.
  3237 | D:3      | Found a runed translucent gate.
  3237 | D:3      | Found a runed translucent gate.
  3243 | D:3      | Noticed Vadun's ghost (amateur TeFi)
  3510 | D:3      | Reached skill level 5 in Short Blades
  3510 | D:3      | Reached skill level 5 in Fire Magic
  3760 | D:3      | Noticed Sigmund
  3939 | D:4      | Reached XP level 6. HP: 37/52 MP: 2/8
  4003 | D:4      | Found a runed translucent gate.
  4004 | D:4      | Found a runed translucent gate.
  4005 | D:4      | Found a runed translucent gate.
  4005 | D:4      | Noticed ShadowTiger's ghost (amateur TeAE)
  4159 | D:4      | Learned a level 2 spell: Searing Ray
  4164 | D:4      | Learned a level 4 spell: Fulminant Prism
  4788 | D:4      | Reached skill level 1 in Conjurations
  5122 | D:4      | Reached skill level 2 in Conjurations
  5218 | D:5      | Entered Level 5 of the Dungeon
  5351 | D:5      | Reached skill level 3 in Conjurations
  5461 | D:5      | Your scales start taking on a fiery red colour.
  5461 | D:5      | Reached XP level 7. HP: 44/58 MP: 1/10
  5461 | D:5      | Gained mutation: Your flesh is heat resistant. (rF+) [Red
                  | Draconian growth]
  5687 | D:5      | Reached skill level 4 in Conjurations
  6162 | D:5      | Identified a scroll of acquirement
  6162 | D:5      | Acquired the +0 kite shield of Pandemonium {rElec}
  6344 | D:5      | Found an iron altar of Okawaru.
  6344 | D:5      | Found a bloodstained altar of Trog.
  6391 | D:5      | Reached skill level 5 in Conjurations
  6895 | D:6      | Reached skill level 1 in Hexes
  6895 | D:6      | Reached XP level 8. HP: 44/66 MP: 7/12
  6925 | D:6      | Found a glowing drain.
  6933 | Sewer    | Entered a sewer
  6987 | Sewer    | Learned a level 3 spell: Volatile Blastmotes
  7017 | Sewer    | Noticed Pargi
  7028 | Sewer    | Killed Pargi
  7394 | D:6      | Reached skill level 6 in Conjurations
  8037 | D:6      | Reached skill level 5 in Fighting
  8319 | D:6      | Reached skill level 1 in Shields
  8567 | D:6      | Reached skill level 7 in Conjurations
  9115 | D:6      | Found Jafiewke's Magic Scroll Emporium.
  9129 | D:6      | Bought a scroll of blinking for 112 gold pieces
  9189 | D:6      | Found an opulent altar of Gozag.
  9198 | D:6      | Found a shadowy altar of Dithmenos.
  9232 | D:6      | Found a staircase to the Ecumenical Temple.
  9519 | D:6      | Reached XP level 9. HP: 53/74 MP: 7/15
 10308 | D:7      | Noticed Maggie
 10492 | D:7      | Killed Maggie
 10493 | D:7      | Reached skill level 8 in Conjurations
 11186 | D:7      | Reached skill level 5 in Shields
 11340 | D:7      | Found a snail-covered altar of Cheibriados.
 11341 | D:7      | Found a glowing golden altar of the Shining One.
 11345 | D:7      | Found a shimmering altar of Xom.
 12228 | D:8      | Reached XP level 10. HP: 81/81 MP: 7/16
 12425 | D:8      | Reached skill level 9 in Conjurations
 12600 | D:9      | Noticed a two-headed ogre
 12812 | D:9      | Noticed a two-headed ogre
 13354 | D:9      | Killed a two-headed ogre
 13355 | D:9      | Reached skill level 5 in Dodging
 13355 | D:9      | Reached skill level 5 in Spellcasting
 13383 | D:9      | Noticed Prince Ribbit
 13390 | D:9      | Killed Prince Ribbit
 14059 | D:9      | Noticed a soul eater
 14148 | D:9      | Found a staircase to the Lair.
 14281 | Lair:1   | Entered Level 1 of the Lair of Beasts
 14552 | Lair:1   | Learned a level 4 spell: Iskenderun's Mystic Blast
 14598 | Lair:1   | Reached skill level 10 in Conjurations
 14681 | Lair:1   | Noticed a cane toad
 15155 | Lair:1   | Identified the +11 falchion "Joodieth" {protect, *Slow
                  | Will+ rCorr}
 15189 | Lair:1   | Killed a cane toad
 15471 | Lair:1   | Reached XP level 11. HP: 67/89 MP: 8/20
 16283 | Lair:1   | Reached skill level 11 in Conjurations
 16331 | Lair:2   | Found a staircase to the Shoals.
 16990 | Lair:2   | You fall into a shaft and drop 1 floor!
 16990 | Lair:3   | Noticed a skyshark
 16999 | Lair:3   | Killed a skyshark
 17761 | Lair:2   | Noticed an oklob plant
 18250 | Lair:3   | Noticed a skyshark
 18269 | Lair:3   | Killed a skyshark
 18270 | Lair:3   | Reached skill level 12 in Conjurations
 18331 | Lair:3   | Learned a level 2 spell: Blink
 18694 | Lair:3   | Found a hole to the Spider Nest.
 19220 | Lair:3   | Reached XP level 12. HP: 82/100 MP: 9/21
 20023 | Lair:4   | Reached skill level 1 in Translocations
 20625 | Lair:4   | Noticed a death yak
 20716 | Lair:4   | Killed a death yak
 21532 | Lair:5   | Entered Level 5 of the Lair of Beasts
 22312 | D:10     | Entered Level 10 of the Dungeon
 22370 | D:10     | Reached skill level 13 in Conjurations
 22951 | D:10     | Found a flagged portal.
 22963 | Bailey   | Entered a bailey
 24524 | D:11     | Noticed a two-headed ogre
 25228 | D:11     | Found a snail-covered altar of Cheibriados.
 25595 | D:11     | Found a staircase to the Orcish Mines.
 26046 | D:11     | Killed a two-headed ogre
 26375 | Orc:1    | Entered Level 1 of the Orcish Mines
 26375 | Orc:1    | Noticed Maurice
 26598 | D:12     | Learned a level 4 spell: Sticky Flame
 26602 | D:12     | Found a runed translucent door.
 26836 | D:12     | Noticed a centaur warrior
 26841 | D:12     | Killed a centaur warrior
 27135 | D:12     | Reached XP level 13. HP: 111/111 MP: 18/22
 27264 | D:12     | Identified the +6 dagger of Descent {venom, Will- rCorr
                  | Str+8}
 27327 | D:12     | Found a runed translucent door.
 27511 | D:12     | Found a runed translucent door.
 27617 | D:12     | Found a runed translucent door.
 28253 | D:11     | Reached skill level 14 in Conjurations
 28672 | Orc:1    | Killed Maurice
 29173 | Orc:1    | Found Huropecy's Antique Armour Boutique.
 29226 | Orc:2    | Entered Level 2 of the Orcish Mines
 29436 | Orc:2    | Found a staircase to the Elven Halls.
 29501 | Orc:2    | Paralysed by an orc sorcerer for 5 turns
 29900 | Orc:2    | Reached skill level 5 in Translocations
 30105 | Orc:2    | Noticed Donald
 30411 | Orc:1    | Killed Donald
 30662 | Orc:2    | Paralysed by an orc sorcerer for 5 turns
 30669 | Orc:2    | Reached skill level 10 in Fighting
 30854 | Orc:2    | Found Siuw Pof's Antique Weapon Boutique.
 30856 | Orc:2    | Found Woiqeawk's Book Shop.
 30857 | Orc:2    | Found Qaant's Book Shop.
 30870 | Orc:2    | Found Xaamooff's Assorted Antiques.
 30897 | Orc:2    | Bought a book of Fire for 572 gold pieces
 30913 | Orc:2    | Learned a level 1 spell: Foxfire
 30920 | Orc:2    | Learned a level 5 spell: Fireball
 32712 | Lair:5   | Reached skill level 10 in Fire Magic
 32846 | Lair:5   | Reached XP level 14. HP: 120/121 MP: 6/26
 34206 | Lair:5   | Noticed Nessos
 34223 | Lair:5   | Killed Nessos
 34888 | Lair:5   | Found a viscous altar of Jiyva.
 34888 | Lair:5   | Found a staircase to the Slime Pits.
 36281 | Orc:2    | Bought a scroll of acquirement for 1248 gold pieces
 36281 | Orc:2    | Acquired 604 gold pieces
 36403 | D:13     | Noticed Sonja
 36405 | D:13     | Killed Sonja
 36428 | D:13     | Noticed Jorgrun
 36978 | D:13     | Noticed Lodul
 36987 | D:13     | Killed Lodul
 37073 | D:13     | Noticed Snorg
 37097 | D:13     | Killed Snorg
 37360 | D:13     | Found a gate to the Vaults.
 37556 | D:12     | Learned a level 8 spell: Ignition
 38367 | D:14     | Reached skill level 10 in Spellcasting
 38520 | D:14     | Noticed Agnes
 38527 | D:14     | Killed Agnes
 38578 | D:13     | Killed Jorgrun
 38789 | D:13     | Reached XP level 15. HP: 115/132 MP: 16/29
 40397 | D:14     | Noticed Louise
 40413 | Abyss:2  | Cast into level 2 of the Abyss (Louise)
 40491 | Abyss:2  | Noticed a lich
 40501 | Abyss:2  | Noticed a tentacled starspawn
 40504 | Abyss:2  | Killed a lich
 40510 | Abyss:2  | Paralysed by accursed screaming for 1 turns
 40511 | Abyss:2  | Slain by a tentacled starspawn

Illustrated notes

Levels and vault maps discovered:
D:1:      noname_arrival_rooms_in_the_neighbourhood, layout_loops_ring,
          nicolae_ecumenical_snake_handling
D:2:      minmay_general_purpose_star, layout_loops_corners, serial_shops, shop,
          basic_altar
D:3:      layout_loops_ring, ebering_ghost_rock_garden, uniq_sigmund
D:4:      minmay_recursive_quarters, layout_rooms, gammafunk_ghost_split,
          kennysheep_generic_room_3
D:5:      layout_cave_pools, grunt_temple_overflow_bloody_war
D:6:      wander_river, layout_cave_pools, mainiacjoe_overflow_swirl,
          minmay_temple_entry_glassed_door, lightli_sewer_entry_pipes,
          serial_gnoll_camp, gnoll_camp_mini_sergeant, gnoll_camp_huts_moat,
          gnoll_camp_mini_hut, gnoll_camp_mini_shop, gnoll_camp_medium_02,
          minmay_misc_feat_four_crosses
D:7:      layout_cave_pools, minitemple, uniq_maggie
D:8:      layout_basic
D:9:      layout_loops_ring, david_lair_shrubbed, st_stairs_11,
          uniq_prince_ribbit1
D:10:     layout_basic, enter_bailey_3
D:11:     layout_rooms, david_orc_3, serial_glass, glass_columns_a,
          glass_columns_a, cheibriados_altar_1
D:12:     layout_loops_ring, minmay_statue_crystal_thing
D:13:     layout_long_grid, erik_vaults_1, uniq_lodul, uniq_jorgrun, uniq_snorg,
          uniq_sonja
D:14:     thingy_vault, layout_layer_cave, nrook_campfire, uniq_louise,
          uniq_agnes
Lair:1:   layout_chaotic_city, grunt_megastairs_5
Lair:2:   layout_gridlike, minmay_shoals_entry_centaurs, grunt_megastairs_4
Lair:3:   layout_regular_city, hellmonk_spider_entry_life_and_decay,
          infiniplex_staircase_pool, lemuel_fruit_fields
Lair:4:   layout_small_grid, st_stairs_3, roderic_carrion_pond
Lair:5:   due_jungle_book, layout_misc_corridors, dpeg_slime_entry_enclosed,
          serial_bayou_pond_a, uniq_nessos
Orc:1:    layout_caves, serial_shops, nicolae_shop_tiny_waterfront, uniq_maurice
Orc:2:    st_orc_mages, layout_caves, statue_in_the_mist_lemuel, uniq_donald
Abyss:2:  base:
Temple

Skill      XL: |  1  2  3  4  5  6  7  8  9 10 11 12 13 14 15 |
---------------+----------------------------------------------+-----
Short Blades   | 4 5 |  5.0
Fire Magic     | 4 5 6 8 10 12 13 | 13.5
Spellcasting   | 2 3 4 6 8 10 | 10.7
Conjurations   | 3 5 7 8 10 12 13 14 | 14.3
Fighting       | 4 5 7 9 10 12 | 12.0
Hexes          | 1 2 3 4 |  4.0
Shields        | 3 5 |  5.0
Dodging        | 4 5 6 8 9 |  9.7
Translocations | 4 5 |  5.0

Action                     |  1- 3 |  4- 6 |  7- 9 | 10-12 | 13-15 || total
---------------------------+-------+-------+-------+-------+-------++-------
  Melee: Short sword       |    85 |   127 |   345 |   383 |       ||   940
         Tailslap          |     6 |    22 |    48 |   116 |   187 ||   379
         Punch             |     1 |       |     4 |       |       ||     5
         Scimitar          |       |       |       |   361 |   306 ||   667
         Double sword      |       |       |       |       |   515 ||   515
   Cast: Scorch            |    15 |    69 |    96 |   261 |   131 ||   572
         Searing Ray       |       |     3 |    49 |    30 |     1 ||    83
         Volatile Blastmot |       |       |     1 |     2 |       ||     3
         Fulminant Prism   |       |       |     7 |    27 |    17 ||    51
         Iskenderun's Myst |       |       |       |    63 |    32 ||    95
         Sticky Flame      |       |       |       |    10 |   185 ||   195
         Blink             |       |       |       |     1 |    13 ||    14
         Fireball          |       |       |       |       |    43 ||    43
Ability: Breathe Fire      |       |       |       |     1 |       ||     1
  Evoke: Wand              |       |     1 |     8 |    28 |    11 ||    48
         Phantom mirror    |       |       |       |       |     2 ||     2
    Use: Scroll            |       |    11 |    10 |    13 |     9 ||    43
         Potion            |       |     3 |     2 |     6 |    23 ||    34
   Stab: Paralysed         |       |       |    16 |    32 |       ||    48
         Invisible         |       |       |       |       |     1 ||     1
 Armour: Skin              |    23 |    39 |   138 |   242 |   593 ||  1035
  Dodge: Dodged            |    58 |    62 |   291 |   806 |  1190 ||  2407
  Block: Buckler           |       |       |    51 |   231 |   302 ||   584
